 Dungeon Crawl Stone Soup version 0.30-a0-1070-gd49b78fada (webtiles) character file.

Game seed: 18055324414852297642

994 Ijustatesigmund the Magician (level 7, -11/36 HPs)
             Began as a Deep Elf Conjurer on Apr 13, 2023.
             Was an Initiate of Cheibriados.
             Killed from afar by Maggie (27 damage)
             ... with a bolt of fire
             ... on level 6 of the Dungeon.
             The game lasted 00:11:55 (6417 turns).

Ijustatesigmund the Magician (Deep Elf Conjurer)    Turns: 6417, Time: 00:11:56

Health: -11/36     AC:  3    Str:  4    XL:     7   Next: 99%
Magic:  2/20       EV: 12    Int: 30    God:    Cheibriados [......]
Gold:   321        SH:  0    Dex: 13    Spells: 14/21 levels left

rFire   . . .      SeeInvis .    p - +0 sling
rCold   . . .      Faith    .    (no shield)
rNeg    . . .      Spirit   .    a - +0 robe
rPois   .          Reflect  .    m - +0 helmet
rElec   .          Rampage  .    (no cloak)
rCorr   .                        (no gloves)
Will    .....                    (no boots)
Stlth   ++                       (no amulet)
HPRegen 0.26/turn                (no ring)
MPRegen 0.17/turn                (no ring)

@: mesmerised, very slow
A: clever 1, deterioration 1
a: Renounce Religion


You were on level 6 of the Dungeon.
You worshipped Cheibriados.
Cheibriados was noncommittal.
You visited 1 branch of the dungeon, and saw 6 of its levels.

You collected 321 gold pieces.

Inventory:

Hand Weapons
 c - the +7 spear of the Extremes {flame, rElec Will+}
   (You found it on level 4 of the Dungeon)

   rElec:     It insulates you from electricity.
   Will:      It increases your willpower.
 p - a +0 sling (weapon)
Armour
 a - a +0 robe (worn)
 m - a +0 helmet (worn)
Jewellery
 e - a ring of ice
Scrolls
 d - 2 scrolls of poison
 n - 2 scrolls of teleportation
 o - 2 scrolls of blinking
 u - a scroll of fog
 v - a scroll of enchant weapon
Potions
 b - 2 potions of magic
 f - a potion of cancellation
 g - a potion of resistance
 h - a potion of heal wounds {unknown}
 i - 2 potions of degeneration {unknown}
 j - 2 potions of mutation
 k - 3 potions of attraction {unknown}
 l - a potion of ambrosia {unknown}
 q - a potion of brilliance {unknown}
 r - a potion of invisibility {unknown}
 s - 4 potions of curing
 t - a potion of berserk rage {unknown}


   Skills:
 - Level 3.0 Ranged Weapons
 - Level 2.4 Dodging
 - Level 2.4 Stealth
 + Level 7.8 Spellcasting
 + Level 6.3 Conjurations
 + Level 4.9 Translocations
 + Level 2.7 Invocations


You had 14 spell levels left.
You knew the following spells:

 Your Spells              Type           Power      Damage    Failure   Level
a - Magic Dart            Conj           100%       1d8       1%          1
b - Searing Ray           Conj           98%        2d8       1%          2
c - Iskenderun's Mystic   Conj/Tloc      45%        2d10      4%          4

Your spell library contained the following spells:

 Spells                   Type           Power      Damage    Failure   Level
 Lesser Beckoning         Tloc           82%        N/A       1%          2
 Gell's Gravitas          Tloc           41%        N/A       1%          3
 Teleport Other           Tloc           41%        N/A       1%          3
 Dazzling Flash           Conj/Hex       60%        N/A       3%          3
 Volatile Blastmotes      Fire/Tloc      52%        2d14      4%          3
 Fulminant Prism          Conj/Hex       15%        3d10      12%         4
 Starburst                Conj/Fire      15%        6d6       88%         6


Dungeon Overview and Level Annotations

Branches:
Dungeon (6/15)
 Temple: D:4-7

Altars:
Cheibriados
Elyvilon
Fedhas
Ru
Trog
Zin

Shops:
D:5 =

Annotations:
D:5 2 transporters, Gandelf's ghost, novice SpCj
D:6 Maggie


Innate Abilities, Weirdness & Mutations

Your mind is acute. (Int +4, Str/Dex -1)
Your body sometimes deteriorates upon taking damage.


Message History

You start resting.
Maggie the Vainglorious comes into view.
She is wielding a +0 broad axe.
Casting: Iskenderun's Mystic Blast (quite dangerous; 4% risk of failure)
Confirm with . or Enter, or press ? or * to list all spells.
The spell is quite dangerous to miscast (4% risk of failure)!
Continue anyway? [Y]es or [N]o only, please.
The spell is quite dangerous to miscast (4% risk of failure)!
Continue anyway?
You erupt in a blast of force!
The mystic blast hits Maggie!
Maggie is lightly wounded.
Maggie is knocked back by the mystic blast.
You aren't carrying any items that you can evoke.
Maggie says, "Leave now, and tell all of Margery's mercy!"
Maggie mumbles some strange words.
Maggie attempts to bespell you!
You are mesmerised by Maggie!
You cannot move away from Maggie!
Casting: Iskenderun's Mystic Blast (quite dangerous; 4% risk of failure)
Confirm with . or Enter, or press ? or * to list all spells.
Aiming: Searing Ray (safe; 1% risk of failure)
Press: ? - help, Shift-Dir - straight line, f - Maggie
Aim: Maggie, wielding a +0 broad axe and wearing +0 steam dragon scales (lightly wounded, mesmerising, 83% to hit)
The searing ray hits Maggie!
Maggie is moderately wounded. (Press . to maintain the ray.) Maggie gestures at you while chanting.
The bolt of fire hits you!!
Ouch! That really hurt!
The searing ray hits Maggie!
Maggie is heavily wounded.
Maggie gestures wildly while chanting.
Maggie draws you further into her thrall.
The searing ray hits Maggie!
Maggie is heavily wounded.
The searing ray hits Maggie!
Maggie is severely wounded.
You finish channelling your searing ray.
Maggie points at you and mumbles some strange words.
The bolt of fire hits you!!
Ouch! That really hurt!
You die...

#....<......# #.
####........# #5
###.######># #! #.....# #.#
#. #.#.#.####.# #h
#.........(# ######.
#.#.#.######
....>..#######<.<..########
.......†..@.@...>.........#
.[.###########............#
###.########.# #...[....
#########


You could see Maggie (mesmerising).

Vanquished Creatures
  Grinder (D:3)
  2 black bears (D:6)
  A sky beast (D:5)
  An ogre (D:4)
  A scorpion (D:5)
  2 jellies (D:5)
  A hound (D:5)
  A sleepcap (D:5)
  Terence (D:3)
  Natasha (thrice) (D:3)
  An iguana (D:6)
  7 adders
  A shadow imp (D:6)
  4 dart slugs
  2 orcs
  3 bats
  12 endoplasms
  6 giant cockroaches
  5 goblins
  8 hobgoblins
  3 jackals (D:1)
  3 kobolds
  2 quokkas (D:1)
  5 ball pythons
  5 frilled lizards
  2 rats
83 creatures vanquished.

Notes
Turn   | Place    | Note
-------+----------+-------------------------------------------
     0 | D:1      | Ijustatesigmund the Deep Elf Conjurer began the quest for
                  | the Orb.
     0 | D:1      | Reached XP level 1. HP: 10/10 MP: 6/6
   312 | D:1      | Reached XP level 2. HP: 12/15 MP: 3/8
   559 | D:1      | Learned a level 2 spell: Searing Ray
   902 | D:1      | Reached skill level 4 in Spellcasting
  1033 | D:1      | Reached skill level 5 in Conjurations
  1033 | D:1      | Reached XP level 3. HP: 19/19 MP: 8/10
  1648 | D:2      | Found a sacrificial altar of Ru.
  2056 | D:2      | Reached XP level 4. HP: 24/24 MP: 9/12
  2088 | D:2      | Learned a level 4 spell: Iskenderun's Mystic Blast
  2412 | D:3      | Noticed Natasha
  2415 | D:3      | Killed Natasha
  2416 | D:3      | Reached skill level 5 in Spellcasting
  2416 | D:3      | Reached skill level 1 in Translocations
  2482 | D:3      | Found a blossoming altar of Fedhas.
  2611 | D:3      | Found a bloodstained altar of Trog.
  2778 | D:3      | Noticed Grinder
  2779 | D:3      | Paralysed by Grinder for 3 turns
  2786 | D:3      | Gained mutation: Your body sometimes deteriorates upon
                  | taking damage. [potion of mutation]
  2786 | D:3      | Gained mutation: Your mind is acute. (Int +4, Str/Dex -1)
                  | [potion of mutation]
  2796 | D:3      | Killed Grinder
  2797 | D:3      | Reached skill level 6 in Spellcasting
  2797 | D:3      | Reached XP level 5. HP: 12/28 MP: 2/16
  2797 | D:3      | Reached XP level 6. HP: 13/32 MP: 2/17
  3113 | D:3      | Noticed Natasha
  3117 | D:3      | Killed Natasha
  3361 | D:3      | Noticed Natasha
  3364 | D:3      | Killed Natasha
  3365 | D:3      | Reached skill level 1 in Ranged Weapons
  3404 | D:3      | Noticed Terence
  3414 | D:3      | Killed Terence
  4054 | D:4      | Found a snail-covered altar of Cheibriados.
  4076 | D:4      | Became a worshipper of Cheibriados the Contemplative
  4559 | D:4      | Reached skill level 7 in Spellcasting
  4559 | D:4      | Reached XP level 7. HP: 36/36 MP: 13/19
  4607 | D:4      | Identified the +7 spear of the Extremes {flame, rElec
                  | Will+}
  4664 | D:5      | Entered Level 5 of the Dungeon
  4671 | D:5      | Reached skill level 1 in Invocations
  5000 | D:5      | Found Oni Ceeg's Jewellery Emporium.
  5155 | D:5      | Found a glowing silver altar of Zin.
  5157 | D:5      | Found a white marble altar of Elyvilon.
  5792 | D:5      | Identified the +8 dire flail of Currency {drain, rF+ rN+
                  | rCorr}
  5792 | D:5      | Noticed Gandelf's ghost (novice SpCj)
  5795 | D:5      | Found a transporter.
  5800 | D:5      | Found a transporter.
  6409 | D:6      | Noticed Maggie
  6417 | D:6      | Killed from afar by Maggie

Illustrated notes

Levels and vault maps discovered:
D:1:      nagdon_arrival_zigzag_paths, layout_loops_ring,
          chequers_serial_rivers_micro_a
D:2:      layout_basic, basic_altar
D:3:      layout_basic, mainiacjoe_overflow_24_doors, bloody_trog,
          nrook_campfire, uniq_grinder, uniq_natasha, uniq_terence
D:4:      layout_loops_ring, mainiacjoe_overflow_small_starburst
D:5:      layout_basic, nicolae_overflow_hidden_temple, gammafunk_ghost_smash,
          serial_shops, nicolae_shop_temple_entry_statues_fountains,
          moated_statue, minivault_27, kennysheep_generic_room_10
D:6:      layout_loops_ring, uniq_maggie, uniq_edmund

Skill      XL: |  1  2  3  4  5  6  7 |
---------------+----------------------+-----
Spellcasting   | 4 6 7 |  7.8
Conjurations   | 5 6 |  6.3
Translocations | 3 4 |  4.9
Ranged Weapons | 2 3 |  3.0
Invocations    | 2 |  2.7
Dodging        | |  2.4
Stealth        | |  2.4

Action                     |  1- 3 |  4- 6 |  7- 9 || total
---------------------------+-------+-------+-------++-------
  Melee: Triple sword      |     5 |       |       ||     5
   Fire: Sling             |       |     5 |    18 ||    23
   Cast: Magic Dart        |    71 |    67 |    21 ||   159
         Searing Ray       |     1 |    10 |     4 ||    15
         Iskenderun's Myst |       |     5 |    13 ||    18
    Use: Scroll            |     8 |     1 |     2 ||    11
         Potion            |       |     1 |       ||     1
   Stab: Sleeping          |     1 |       |       ||     1
 Armour: Robe              |     5 |       |     1 ||     6
  Dodge: Dodged            |    12 |     6 |     3 ||    21

Table legend: (Time is in decaauts)
 A = Elapsed time spent in this place.
 B = Non-inter-level travel time spent in this place.
 C = Inter-level travel time spent in this place.
 D = Time resting spent in this place.
 E = Time spent auto-exploring this place.
 F = Levels seen in this place.
 G = Mean time per level.
                   A        B        C        D        E       F      G
               +--------+--------+--------+--------+--------+-----+--------+
         Total |   6823 |   6568 |    255 |   1759 |   4288 |   6 | 1137.2 |
       Dungeon |   6823 |   6568 |    255 |   1759 |   4288 |   6 | 1137.2 |
               +--------+--------+--------+--------+--------+-----+--------+

Top non-repeatable levels by time:
     D:5: 1787 daAuts
     D:1: 1570 daAuts
     D:3: 1452 daAuts
     D:4: 925 daAuts
     D:2: 825 daAuts
     D:6: 261 daAuts
